 Dungeon Crawl Stone Soup version 0.31-a0-774-g0d66cbabe8 (webtiles) character file.

Game seed: 801561707970165839

58 cforsyth the Sneak (level 4, 0/37 HPs)
             Began as a Djinni Delver on Sept 18, 2023.
             Slain by a howler monkey (7 damage)
             ... on level 5 of the Dungeon.
             The game lasted 00:00:30 (77 turns).

cforsyth the Sneak (Djinni Delver)                    Turns: 77, Time: 00:00:30

Health: 0/37       AC:  3    Str: 11    XL:     4   Next: 20%
Gold:   0          EV: 12    Int: 14    God:
                   SH:  0    Dex: 14

rFire   + + .        a - +0 falchion
rCold   x . .        (no shield)
rNeg    . . .        b - +0 leather armour
rPois   ∞            (no helmet)
rElec   .            (no cloak)
rCorr   .            (no gloves)
SInv    .            (boots unavailable)
Will    .....        (no amulet)
Stlth   ++           (no ring)
HPRegen 0.26/turn    (no ring)
MPRegen 0.00/turn

%: infuse magic (-1 HP)
@: flying
A: sickness immunity, fire resistance 2, cold vulnerability 1, float, innate
caster, HP casting, extra vitality 1
a: no special abilities


You were on level 5 of the Dungeon.
You visited 1 branch of the dungeon, and saw 1 of its levels.

Inventory:

Hand Weapons
 a - a +0 falchion (weapon)
Armour
 b - a +0 leather armour (worn)
Wands
 g - a wand of digging (3)
Scrolls
 c - a scroll of fog
 d - a scroll of revelation
 e - a scroll of fear
Potions
 f - a potion of haste
 h - a potion of lignification {unknown}


   Skills:
 + Level 3.9 Fighting
 - Level 1.7 Long Blades
 - Level 2.1 Dodging
 - Level 4.1 Stealth
 + Level 1.6 Spellcasting
 + Level 1.6 Conjurations
 + Level 1.6 Hexes
   Level 0.0 Charms
 + Level 1.6 Summonings
 + Level 1.6 Necromancy
 + Level 1.6 Translocations
 + Level 1.6 Transmutations
 + Level 1.6 Fire Magic
 + Level 1.6 Ice Magic
 + Level 1.6 Air Magic
 + Level 1.6 Earth Magic
 + Level 1.6 Poison Magic


You knew the following spells:

 Your Spells              Type           Power      Damage    Failure   Level
a - Apportation           Tloc           10%        N/A       17%         1
Your spell library was empty.

Dungeon Overview and Level Annotations

Branches:
Dungeon (5/15)
 Temple: D:4-7

Altars:


Innate Abilities, Weirdness & Mutations

You are immune to sickness and miasma.
You are immune to poison.
Your flesh is very heat resistant. (rF++)
You are vulnerable to cold. (rC-)
You float through the air rather than walking.
You learn spells naturally, not from books.
Your magical power is your life essence.
You have superior vitality. (+4 MHP)


Message History

You hear an angry hiss. x2
You barely miss the howler monkey.
The howler monkey is moderately wounded.
The howler monkey closely misses you.
You closely miss the howler monkey.
The howler monkey is moderately wounded.
The howler monkey hits you.
You are too injured to fight recklessly!
You are too injured to fight recklessly!
You are too injured to fight recklessly!
You are too injured to fight recklessly!
You are too injured to fight recklessly!
You are too injured to fight recklessly!
You are too injured to fight recklessly!
You are too injured to fight recklessly!
You are too injured to fight recklessly!
You are too injured to fight recklessly!
You are too injured to fight recklessly!
You closely miss the howler monkey.
The howler monkey is moderately wounded.
The howler monkey hits you. The howler monkey closely misses you.
You closely miss the howler monkey.
The howler monkey is moderately wounded.
The howler monkey hoots and howls with incredible vigour!
You closely miss the howler monkey.
The howler monkey is moderately wounded.
The howler monkey hits you!
* * * LOW HITPOINT WARNING * * *
The howler monkey closely misses you.
You hit the howler monkey.
The howler monkey is severely wounded.
The howler monkey closely misses you.
You barely miss the howler monkey.
The howler monkey is severely wounded.
The howler monkey closely misses you.
The howler monkey hoots and howls with incredible vigour!
You hit the howler monkey.
The howler monkey is severely wounded.
The howler monkey hits you!
You die...

....####..'.........+
.#####...##.........##
'#...#'#.#...........#
.......#####.......###
.........#.#'#...#+#.#
........##...#####...##
........+......#......+
.......##......#.h....##
.......#.......#@......#
###+####.......'......!#
#.......#.......#
##......#......##
+......#......+
##...#####...## #.#+
+#.# ## ##


You could see a howler monkey (catching breath).

Vanquished Creatures
  A scorpion (D:5)
1 creature vanquished.

Notes
Turn   | Place    | Note
-------+----------+-------------------------------------------
     0 | D:5      | cforsyth the Djinni Delver began the quest for the Orb.
     0 | D:5      | Reached XP level 1. HP: 20/20 MP: 0/0
    11 | D:5      | Noticed a phantom
    23 | D:5      | Noticed a scorpion
    40 | D:5      | Killed a scorpion
    41 | D:5      | Reached skill level 1 in Spellcasting
    41 | D:5      | Reached skill level 1 in Conjurations
    41 | D:5      | Reached skill level 1 in Hexes
    41 | D:5      | Reached skill level 1 in Summonings
    41 | D:5      | Reached skill level 1 in Necromancy
    41 | D:5      | Reached skill level 1 in Translocations
    41 | D:5      | Reached skill level 1 in Transmutations
    41 | D:5      | Reached skill level 1 in Fire Magic
    41 | D:5      | Reached skill level 1 in Ice Magic
    41 | D:5      | Reached skill level 1 in Air Magic
    41 | D:5      | Reached skill level 1 in Earth Magic
    41 | D:5      | Reached skill level 1 in Poison Magic
    41 | D:5      | Reached XP level 2. HP: 24/26 MP: 0/0
    41 | D:5      | Reached XP level 3. HP: 29/31 MP: 0/0
    41 | D:5      | Learned a level 1 spell: Apportation
    41 | D:5      | Reached XP level 4. HP: 34/37 MP: 0/0
    77 | D:5      | Slain by a howler monkey

Illustrated notes

Levels and vault maps discovered:
D:5:      nicolae_cairo_tiling_very_big, layout_loops_ring, minmay_between

Skill      XL: |  1 |
---------------+----+-----
Spellcasting   | 1 |  1.6
Conjurations   | 1 |  1.6
Hexes          | 1 |  1.6
Summonings     | 1 |  1.6
Necromancy     | 1 |  1.6
Translocations | 1 |  1.6
Transmutations | 1 |  1.6
Fire Magic     | 1 |  1.6
Ice Magic      | 1 |  1.6
Air Magic      | 1 |  1.6
Earth Magic    | 1 |  1.6
Poison Magic   | 1 |  1.6
Fighting       | |  3.9
Long Blades    | |  1.7
Dodging        | |  2.1
Stealth        | |  4.1

Action                     |  1- 3 |  4- 6 || total
---------------------------+-------+-------++-------
  Melee: Falchion          |    10 |    14 ||    24
   Stab: Sleeping          |       |     1 ||     1
 Armour: Leather armour    |     2 |    10 ||    12
  Dodge: Dodged            |    11 |     7 ||    18

Table legend: (Time is in decaauts)
 A = Elapsed time spent in this place.
 B = Non-inter-level travel time spent in this place.
 C = Inter-level travel time spent in this place.
 D = Time resting spent in this place.
 E = Time spent auto-exploring this place.
 F = Levels seen in this place.
 G = Mean time per level.
                   A        B        C        D        E       F      G
               +--------+--------+--------+--------+--------+-----+--------+
         Total |     82 |     82 |      0 |      0 |     30 |   1 |   82.0 |
       Dungeon |     82 |     82 |      0 |      0 |     30 |   1 |   82.0 |
               +--------+--------+--------+--------+--------+-----+--------+

Top non-repeatable levels by time:
     D:5: 82 daAuts
